 Dungeon Crawl Stone Soup version 0.29.1-1-gd02db6906a (webtiles) character file.

Game seed: 6951640064539529184

10 hawla the Sneak (level 2, 0/11 HPs)
             Began as a Felid Venom Mage on Sept 27, 2022.
             Slain by a quokka (3 damage)
             ... on level 1 of the Dungeon.
             The game lasted 00:00:58 (214 turns).

hawla the Sneak (Felid Venom Mage)                   Turns: 214, Time: 00:00:58

Health: 0/11       AC:  1    Str:  4    XL:     2   Next: 10%
Magic:  5/6        EV: 18    Int: 16    God:
Gold:   12         SH:  0    Dex: 22    Spells: 4/5 levels left
                                        Lives:  0   Deaths: 0

rFire   . . .      SeeInvis +   (weapon unavailable)
rCold   . . .      Faith    .   (shield unavailable)
rNeg    . . .      Spirit   .   (body armour unavailable)
rPois   .          Reflect  .   (helmet unavailable)
rElec   .          Harm     .   (cloak unavailable)
rCorr   .          Rampage  .   (gloves unavailable)
Will    .....                   (boots unavailable)
Stlth   +++.......              (no amulet)
HPRegen 0.03/turn               f - +6 ring of dexterity
MPRegen 0.10/turn               (no ring)

@: quick
A: very small, claws 1, fangs 3, see invisible, speed 1, shaggy fur 1, stealthy
paws, no weapons or thrown items, no armour, multi-lived
a: no special abilities


You were on level 1 of the Dungeon.
You visited 1 branch of the dungeon, and saw 1 of its levels.

You collected 12 gold pieces.

Inventory:

Jewellery
 f - a +6 ring of dexterity (left paw)
Scrolls
 b - a scroll of acquirement {unknown}
 c - a scroll of noise {unknown}
 e - a scroll of brand weapon {unknown}
Potions
 a - a potion of magic
 d - a potion of curing {unknown}


   Skills:
 + Level 2.6 Dodging
 + Level 3.1 Stealth
 + Level 2.1 Spellcasting
 + Level 1.1 Transmutations
 + Level 3.0 Poison Magic


You had 4 spell levels left.
You knew the following spells:

 Your Spells              Type           Power      Damage    Failure   Level
a - Sting                 Tmut/Pois      32%        1d4       9%          1

Your spell library contained the following spells:

 Spells                   Type           Power      Damage    Failure   Level
 Poisonous Vapours        Pois/Air       12%        N/A       17%         2
 Mephitic Cloud           Conj/Pois/Air  4%         N/A       38%         3
 Olgreb's Toxic Radiance  Pois           11%        N/A       50%         4


Dungeon Overview and Level Annotations

Branches:
Dungeon (1/15)

Altars:


Innate Abilities, Weirdness & Mutations

You have sharp claws.
You have razor-sharp teeth.
You have supernaturally acute eyesight. (SInv)
You cover ground quickly. (Speed+)
You are covered in fur. (AC +1)
Your paws help you pounce on unaware monsters.
You are incapable of wielding weapons or throwing items.
You cannot wear armour.
You gain extra lives every three experience levels.


Message History

The quokka is lightly wounded.
The quokka misses you.
You scratch the quokka.
The quokka is moderately wounded.
The quokka closely misses you.
You barely miss the quokka.
The quokka is moderately wounded.
The quokka closely misses you. x2
You closely miss the quokka.
The quokka is moderately wounded.
The quokka twitches its whiskers.
The quokka completely misses you.
You scratch the quokka.
The quokka is heavily wounded.
The quokka barely misses you.
You closely miss the quokka.
The quokka is heavily wounded.
The quokka completely misses you.
You barely miss the quokka.
The quokka is heavily wounded.
The quokka bites you.
You closely miss the quokka.
The quokka is heavily wounded.
The quokka bites you. x2
You are too injured to fight recklessly!
You are too injured to fight recklessly!
Casting: Sting (safe; 9% risk of failure)
Confirm with . or Enter, or press ? or * to list all spells.
Aiming: Sting (safe; 9% risk of failure)
Press: ? - help, Shift-Dir - straight line, f - quokka
Aim: a quokka (moderately wounded, 56% to hit)
The sting hits the quokka.
The quokka is poisoned.
The quokka is heavily wounded.
The quokka bites you.
* * * LOW HITPOINT WARNING * * *
The quokka looks more healthy.
You scratch the quokka but do no damage.
The quokka is heavily wounded.
The quokka bites you.
You die...

# .### ...## #..#
#####.###### #..........#
#.....@r...# #..........#
###########.†....[...###.#
........†.)............(.#
###########..........#.......
###..........#.#..###
#............... ....
##................ ...
#...###...###...### ..


You could see a quokka.

Vanquished Creatures
  2 dart slugs (D:1)
  A bat (D:1)
  2 goblins (D:1)
  A rat (D:1)
6 creatures vanquished.

Notes
Turn   | Place    | Note
-------+----------+-------------------------------------------
     0 | D:1      | hawla the Felid Venom Mage began the quest for the Orb.
     0 | D:1      | Reached XP level 1. HP: 7/7 MP: 4/4
    92 | D:1      | Reached XP level 2. HP: 8/11 MP: 1/6
   214 | D:1      | Slain by a quokka

Illustrated notes

Levels and vault maps discovered:
D:1:      dpeg_arrival_houses_and_road, layout_rooms, kennysheep_boxes

Skill      XL: |  1 |
---------------+----+-----
Poison Magic   | 3 |  3.0
Stealth        | 3 |  3.1
Dodging        | |  2.6
Spellcasting   | |  2.1
Transmutations | |  1.1

Action                   || total
-------------------------++-------
Melee: Unarmed           ||    20
       Bite              ||     2
 Cast: Sting             ||     8
Armor: Skin              ||     1
Dodge: Dodged            ||    22
